 Dungeon Crawl Stone Soup version 0.25-a0-1119-g28b6fd0c3b (webtiles) character file.

Game seed: 6339841993778376192, levelgen mode: deterministic

8838 Esekla the Thaumaturge (level 11, -14/72 HPs)
             Began as an Octopode Wizard on May 17, 2020.
             Was a Priest of Qazlal.
             Shot with an arrow by a centaur warrior (28 damage)
             ... on level 10 of the Dungeon.
             The game lasted 01:52:07 (13489 turns).

Esekla the Thaumaturge (Octopode Wizard)           Turns: 13489, Time: 01:52:08

Health: -14/72     AC:  3    Str:  8    XL:     11   Next: 37%
Magic:  29/32      EV: 14    Int: 22    God:    Qazlal [***...]
Gold:   468        SH:  4    Dex: 11    Spells: 18/27 levels left

rFire    . . .     SeeInvis .   G - +1 falchion (flame)
rCold    + . .     Gourm    .   (no shield)
rNeg     + . .     Faith    .   a - +2 hat
rPois    .         Spirit   .   v - amulet of regeneration
rElec    .         Reflect  .   h - ring of protection from cold
rCorr    .         Harm     .   l - ring of magical power
MR       .....                  N - ring of positive energy
Stlth    ++........             (no ring)
HPRegen  0.62/turn              (no ring)
MPRegen  0.23/turn              (no ring)
                                (no ring)
                                (no ring)

@: no status effects
A: almost no armour, stealthy swim, amphibious, 8 rings, constrict 8, camouflage
1, gelatinous body 1
a: Upheaval, Elemental Force, Renounce Religion


You were on level 10 of the Dungeon.
You worshipped Qazlal.
Qazlal was most pleased with you.
You were very hungry.

You visited 2 branches of the dungeon, and saw 11 of its levels.

You collected 468 gold pieces.

Inventory:

Hand Weapons
 w - the +1 falchion of Fortitude {drain, rElec Dex-3 Stlth+}
   (You found it on level 4 of the Dungeon)

   A truly terrible weapon, it drains the life of those it strikes.
   It affects your dexterity (-3).
   It insulates you from electricity.
   It makes you more stealthy.
 E - a +5 dagger
 G - a +1 falchion of flaming (weapon)
 L - a +4 trident of freezing
Missiles
 y - 6 boomerangs
 B - 5 poisoned darts (quivered)
Armour
 a - a +2 hat (worn)
 k - a +0 kite shield
Jewellery
 h - a ring of protection from cold (left tentacle)
 l - a ring of magical power (right tentacle)
 p - an uncursed amulet of the acrobat
 v - an amulet of regeneration (around mantle)
 H - an uncursed ring of fire
 N - a ring of positive energy (on tentacle)
Wands
 j - a wand of random effects (28)
 n - a wand of paralysis (18)
 r - a wand of polymorph (3)
 z - a wand of digging (8)
 K - a wand of flame (5)
 M - a wand of clouds (3)
Scrolls
 b - 5 scrolls of identify
 d - 2 scrolls of magic mapping
 f - a scroll of enchant armour
 g - 3 scrolls of amnesia
 i - 3 scrolls of fog
 x - 3 scrolls of remove curse
 D - a scroll of acquirement
 F - a scroll of blinking {unknown}
 I - 3 scrolls of fear
Potions
 e - a potion of might
 o - a potion of berserk rage
 q - a potion of stabbing
 s - 2 potions of resistance
 t - a potion of haste
 u - a potion of invisibility
 A - a potion of magic
 C - a potion of brilliance
 J - a potion of ambrosia {unknown}
Comestibles
 c - 12 rations


   Skills:
 * Level 5.4 Fighting
 + Level 0.8(4.1) Short Blades
 * Level 6.5 Long Blades
 + Level 3.0 Throwing
 + Level 4.0 Dodging
 - Level 2.6 Stealth
 + Level 5.5 Shields
 * Level 8.5 Spellcasting
 + Level 4.2 Conjurations
   Level 1.0 Summonings
 + Level 3.8 Translocations
 * Level 1.8 Fire Magic
 + Level 5.2 Air Magic
 + Level 6.2 Poison Magic


You had 18 spell levels left.
You knew the following spells:

 Your Spells              Type           Power        Failure   Level  Hunger
a - Magic Dart            Conj           ####         1%          1    None
b - Blink                 Tloc           N/A          2%          2    None
c - Mephitic Cloud        Conj/Pois/Air  ####....     2%          3    None
f - Conjure Flame         Conj/Fire      ###.....     6%          3    None

Your spell library contained the following spells:

 Spells                   Type           Power        Failure   Level  Hunger
 Call Imp                 Summ           ##......     7%          2    None
 Slow                     Hex            #.......     11%         2    None


Dungeon Overview and Level Annotations

Branches:
Dungeon (10/15)            Temple (1/1) D:7            Lair (0/6) D:10
    Orc (0/2) D:9

Altars:
Ashenzari
Cheibriados
Dithmenos
Elyvilon
Fedhas
Gozag
Hepliaklqana
Kikubaaqudgha
Makhleb
Nemelex Xobeh
Qazlal
Ru
Sif Muna
Trog
Uskayaw
Vehumet
Wu Jian
Xom
Yredelemnul
Zin
The Shining One
Beogh

Shops:
D:7 [


Innate Abilities, Weirdness & Mutations

You cannot wear most types of armour.
You are very stealthy in the water. (Stealth+)
You are amphibious.
You can wear up to eight rings at the same time.
You can use your tentacles to constrict eight enemies at once.
Your skin changes colour to match your surroundings (Stealth+).
Your rubbery body absorbs attacks. (AC +1, EV +1)


Message History

The centaur warrior shoots an arrow.
The arrow hits you!
* * * LOW HITPOINT WARNING * * *
The arrow burns you.
* * * LOW HITPOINT WARNING * * *
The orc throws a boomerang.
The boomerang hits you.
* * * LOW HITPOINT WARNING * * *
The weapon returns to the orc!
The centaur warrior is engulfed in noxious fumes.
Okay, then.
Press: ? - help, v - describe, . - travel
Here: a centaur warrior, wielding a +0 shortbow of flaming and quivering 8 arrows (noxious fumes, lightly wounded)
The floor.
You feel better.
The centaur warrior is engulfed in noxious fumes.
The orc throws a boomerang.
The boomerang completely misses you.
The weapon returns to the orc!
The orc throws a boomerang.
The boomerang barely misses you.
The weapon returns to the orc!
The centaur warrior shoots an arrow.
The arrow hits you!!
You die...

##### #...# # #...### #.
#.....# ####### #.#
#.....#####...○.##### #..
####.......(@(..○○§o. ##..
##.#########c.○°.. .#...
#.## ......§°... .....
#..###........... .....
##...#........... #....
###......?.........##..$
#..##.##..............
#######...................##
#........................ #


You could see a centaur warrior and an orc.

Vanquished Creatures
  2 two-headed ogres (D:9)
  Psyche (D:9)
  Joseph (D:7)
  4 trolls
  A meliai zombie (D:10)
  3 hippogriffs
  Sigmund (D:4)
  A wyvern (D:9)
  A steam dragon (D:9)
  A hungry ghost (D:9)
  A water moccasin (D:6)
  5 orc warriors
  2 sky beasts
  3 ice beasts (D:9)
  2 phantoms
  9 ogres
  3 centaurs (D:8)
  A crocodile (D:8)
  5 bullfrogs
  2 gnoll sergeants
  2 scorpions (D:8)
  9 killer bees (D:9)
  2 howler monkeys
  10 wights
  5 crimson imps
  3 centaur skeletons
  4 hounds
  4 orc priests
  3 iguanas
  2 jellies
  3 orc wizards
  A bullfrog skeleton (D:5)
  Jessica (D:3)
  Ijyb (D:3)
  7 worker ants
  A hound zombie (D:5)
  18 adders
  5 gnolls
  A shadow imp (D:6)
  3 oozes
  An adder zombie (D:8)
  3 worms
  6 leopard geckos
  44 orcs
  6 giant cockroaches
  7 hobgoblins
  4 jackals
  4 kobolds
  4 quokkas
  A ball python (D:2)
  10 bats
  6 frilled lizards
  11 goblins
  4 rats
245 creatures vanquished.

Vanquished Creatures (others)
  2 gnolls (D:9)
2 creatures vanquished.

Grand Total: 247 creatures vanquished

Notes
Turn   | Place    | Note
-------+----------+-------------------------------------------
     0 | D:1      | Esekla the Octopode Wizard began the quest for the Orb.
     0 | D:1      | Reached XP level 1. HP: 11/11 MP: 4/4
   104 | D:1      | Found a glowing golden altar of the Shining One.
   252 | D:1      | Reached XP level 2. HP: 13/17 MP: 3/6
   258 | D:1      | Learned a level 2 spell: Blink
   622 | D:3      | Noticed Jessica
   716 | D:4      | Reached XP level 3. HP: 21/21 MP: 4/8
   773 | D:4      | Reached XP level 4. HP: 13/27 MP: 0/9
  1030 | D:4      | Reached skill level 4 in Spellcasting
  1421 | D:3      | Noticed Ijyb
  1599 | D:2      | Learned a level 3 spell: Mephitic Cloud
  1603 | D:2      | Learned a level 3 spell: Conjure Flame
  1621 | D:3      | Killed Ijyb
  1621 | D:3      | Reached XP level 5. HP: 30/32 MP: 11/11
  1886 | D:4      | Got a dazzling falchion
  1887 | D:4      | Identified the cursed +1 falchion of Fortitude {drain,
                  | rElec Dex-3 Stlth+} (You found it on level 4 of the
                  | Dungeon)
  1903 | D:5      | Entered Level 5 of the Dungeon
  1930 | D:4      | Found an opulent altar of Gozag.
  2166 | D:4      | Reached skill level 1 in Shields
  2206 | D:4      | Noticed a phantom
  2323 | D:5      | Noticed an ogre
  2335 | D:4      | HP: 1/32 [phantom (4)]
  2715 | D:4      | Killed a phantom
  2715 | D:4      | Reached skill level 1 in Fighting
  2715 | D:4      | Reached skill level 1 in Air Magic
  2715 | D:4      | Reached skill level 1 in Poison Magic
  2715 | D:4      | Reached XP level 6. HP: 7/38 MP: 7/12
  3032 | D:4      | Noticed Sigmund
  3076 | D:5      | HP: 1/38 [ogre/+0 giant club (26)]
  3089 | D:5      | Reached skill level 1 in Long Blades
  3549 | D:5      | Reached skill level 5 in Spellcasting
  3549 | D:5      | Reached XP level 7. HP: 43/43 MP: 14/14
  4872 | D:5      | Reached XP level 8. HP: 31/50 MP: 16/16
  5007 | D:6      | Found a hazy altar of Hepliaklqana.
  5284 | D:7      | Found Ycsimewn's Antique Armour Emporium.
  5788 | D:7      | Found a staircase to the Ecumenical Temple.
  5792 | Temple   | Entered the Ecumenical Temple
  5861 | Temple   | Became a worshipper of Qazlal Stormbringer
  6127 | D:7      | Identified a scroll of acquirement
  6263 | D:4      | Killed Sigmund
  6995 | D:2      | Reached skill level 6 in Spellcasting
  7028 | D:2      | Found a sparkling altar of Nemelex Xobeh.
  7092 | D:2      | Reached * piety under Qazlal
  7377 | D:3      | Killed Jessica
  7912 | D:6      | Reached XP level 9. HP: 55/55 MP: 18/18
  7929 | D:6      | Reached skill level 1 in Throwing
  8592 | D:7      | Noticed Joseph
  8764 | D:7      | Killed Joseph
  9194 | D:8      | Reached ** piety under Qazlal
  9194 | D:8      | Reached skill level 5 in Long Blades
  9385 | D:8      | Found a shimmering altar of Xom.
  9410 | D:8      | Reached skill level 7 in Spellcasting
  9410 | D:8      | Reached XP level 10. HP: 54/63 MP: 20/20
  9822 | D:9      | Reached skill level 5 in Poison Magic
  9841 | D:9      | Found an ancient bone altar of Kikubaaqudgha.
  9975 | D:9      | Noticed a two-headed ogre
 10257 | D:9      | Killed a two-headed ogre
 10381 | D:9      | Noticed a two-headed ogre
 10391 | D:9      | Killed a two-headed ogre
 10391 | D:9      | Reached skill level 5 in Shields
 10738 | D:9      | Found a glowing silver altar of Zin.
 10751 | D:9      | Reached *** piety under Qazlal
 10971 | D:9      | Noticed Psyche
 10983 | D:9      | Killed Psyche
 10983 | D:9      | Reached skill level 8 in Spellcasting
 11090 | D:9      | Reached skill level 5 in Fighting
 11090 | D:9      | Reached XP level 11. HP: 48/71 MP: 20/23
 11157 | D:10     | Entered Level 10 of the Dungeon
 11157 | D:10     | Found a stormy altar of Qazlal.
 11513 | D:9      | Reached skill level 5 in Air Magic
 11701 | D:9      | Found a roughly hewn altar of Beogh.
 11701 | D:9      | Found a staircase to the Orcish Mines.
 12443 | D:10     | Noticed a five-headed hydra
 12562 | D:10     | Noticed a centaur warrior
 12744 | D:9      | Reached skill level 1 in Fire Magic
 13275 | D:10     | Found a staircase to the Lair.
 13489 | D:10     | Shot with an arrow by a centaur warrior

Illustrated notes

Levels and vault maps discovered:
D:1:      tarquinn_simple_flora_water_f, layout_basic,
          chequers_serial_rivers_micro_e, minmay_crystal_room, tso_metal_star
D:2:      layout_rooms, marbit_many_paths
D:3:      kennysheep_the_goblin_king, layout_basic, first_ration, uniq_jessica
D:4:      layout_loops_cross, nicolae_gozag_seed_capital, uniq_sigmund
D:5:      layout_gridville
D:6:      layout_cave_pods, nicolae_overflow_crystal_walls,
          minmay_fractal_squares_diagonal_5
D:7:      layout_rooms, temple_hall_moat, serial_shops, shop, uniq_joseph
D:8:      layout_loops_corners, overflow_temple_1_default
D:9:      layout_layer_cave, lemuel_round_altar, kennysheep_mini_moat,
          david_orc_5, uniq_psyche
D:10:     layout_rooms, lair_entry_dummy, basic_altar
Temple:   eino_temple_scatter_basement

Skill      XL: |  1  2  3  4  5  6  7  8  9 10 11 |
---------------+----------------------------------+-----
Translocations | 2 3 |  3.8
Spellcasting   | 4 5 6 7 8 |  8.5
Shields        | 1 2 3 4 5 |  5.5
Fighting       | 1 2 4 5 |  5.4
Air Magic      | 1 2 3 4 5 |  5.2
Poison Magic   | 1 2 3 4 5 6 |  6.2
Long Blades    | 1 2 4 5 6 |  6.5
Conjurations   | 2 3 4 |  4.2
Dodging        | 3 4 |  4.0
Throwing       | 1 2 3 |  3.0
Fire Magic     | 1 |  1.8
Short Blades   | |  0.8
Stealth        | |  2.6
Summonings     | |  1.0

Action                   |  1- 3 |  4- 6 |  7- 9 | 10-12 || total
-------------------------+-------+-------+-------+-------++-------
Melee: Dagger            |    15 |       |       |       ||    15
       Constrict         |     6 |    15 |    53 |    54 ||   128
       Rapier            |     6 |    31 |       |       ||    37
       Tentacles         |       |    11 |    35 |    56 ||   102
       Falchion          |       |    34 |   318 |   264 ||   616
       Trident           |       |       |       |     3 ||     3
Throw: Boomerang         |       |     2 |     9 |    12 ||    23
       Dart              |       |       |    25 |    38 ||    63
 Cast: Magic Dart        |    24 |    73 |   172 |   111 ||   380
       Blink             |     1 |     9 |    13 |    17 ||    40
       Mephitic Cloud    |       |     4 |    28 |    32 ||    64
       Conjure Flame     |       |       |     2 |    10 ||    12
Evoke: Wand              |       |       |       |     1 ||     1
  Use: Potion            |       |     1 |     3 |     2 ||     6
       Scroll            |       |       |    19 |     2 ||    21
 Stab: Sleeping          |     3 |     3 |     5 |       ||    11
       Confused          |       |     2 |     7 |    16 ||    25
       Distracted        |       |       |     1 |       ||     1
  Eat: Chunk             |       |     8 |    13 |    10 ||    31
       Ration            |       |       |     2 |     1 ||     3
Armor: Skin              |     1 |     5 |    61 |    25 ||    92
Dodge: Dodged            |    25 |    46 |   150 |   212 ||   433
Block: Other             |       |       |     7 |    38 ||    45
       Rpst.: Falchion   |       |     9 |    47 |    45 ||   101

Table legend:
 A = Non-vault XP
 B = Vault XP
 C = Vault XP percentage of total XP
 D = Non-vault monster count
 E = Vault monster count
 F = Vault count percentage of total count
                 A         B        C        D         E       F
            +---------+---------+-------+---------+---------+-------
      Total |   10779 |    1847 |  14.6 |     208 |      38 |  15.4
            +---------+---------+-------+---------+---------+-------
        D:1 |      25 |       0 |   0.0 |      13 |       0 |   0.0
        D:2 |     135 |       2 |   1.5 |      24 |       1 |   4.0
        D:3 |     121 |      84 |  41.0 |      23 |       8 |  25.8
        D:4 |     292 |     227 |  43.7 |      15 |       1 |   6.2
        D:5 |     618 |      90 |  12.7 |      15 |       1 |   6.2
        D:6 |    1072 |      50 |   4.5 |      21 |       4 |  16.0
        D:7 |     508 |     445 |  46.7 |      17 |       1 |   5.6
        D:8 |    2024 |       0 |   0.0 |      33 |       0 |   0.0
        D:9 |    5140 |     949 |  15.6 |      37 |      22 |  37.3
       D:10 |     844 |       0 |   0.0 |      10 |       0 |   0.0
            +---------+---------+-------+---------+---------+-------
